Map: Orbital Shipyard

Players

Miszu - Winner!

  • Race: Terran Terran
  • League: Master

Hymy

  • Race: Protoss Protoss
  • League: Master

VOD

Have the link to the VOD?

Description

Time

  • Played on: March 22, 2016, 2:37 p.m.
  • Length: 11:08
Show
View Real Time Build Order
Export as new Build Order

Miszu Terran - Winner!

Build Orders: Command Center First (CC), MMM Bio 

Get SALT Encoding   

  12  0:03  SCV  
  13  0:15  SCV  
  13  0:19  Supply Depot  
  14  0:27  SCV  
  15  0:41  SCV  
  16  0:53  SCV  
  17  1:01  Command Center  
  17  1:05  SCV  
  18  1:18  SCV  
  19  1:22  Barracks  
  19  1:30  SCV  
  20  1:36  Barracks  
  20  1:42  SCV  
  21  1:50  Barracks  
  21  1:54  SCV  
  22  2:06  SCV  
  23  2:12  Marine, Orbital Command  
  25  2:23  Orbital Command  
  25  2:24  Marine  
  25  2:30  Marine  
  26  2:37  Refinery  
  26  2:38  Refinery, SCV  
  26  2:42  Marine x2  
  29  2:47  Marine  
  29  2:49  SCV  
  29  2:50  SCV  
  32  2:53  Supply Depot  
  32  2:55  Supply Depot  
  32  3:00  Marine x2  
  32  3:01  SCV  
  32  3:04  SCV  
  36  3:06  Supply Depot  
  36  3:13  Marine, SCV  
  36  3:17  SCV  
  36  3:18  Barracks Tech Lab  
  36  3:19  Marine  
  40  3:25  SCV  
  41  3:29  SCV  
  41  3:31  Marine  
  43  3:36  Marine  
  43  3:37  Stimpack, SCV  
  43  3:38  Marine  
  47  3:41  SCV  
  47  3:44  Supply Depot  
  47  3:49  Factory, Marine  
  47  3:50  SCV  
  47  3:53  SCV  
  47  3:54  Marine  
  51  3:55  Refinery  
  51  3:56  Marine  
  51  4:00  Supply Depot  
  51  4:02  SCV  
  53  4:06  SCV  
  53  4:07  Marine  
  55  4:10  Engineering Bay  
  55  4:12  Marine  
  55  4:14  Marine  
  57  4:20  SCV  
  57  4:21  SCV  
  57  4:22  Supply Depot  
  59  4:27  Barracks Reactor  
  59  4:31  Barracks Tech Lab  
  59  4:32  SCV  
  59  4:33  SCV  
  59  4:34  Starport, Factory Reactor  
  61  4:38  Missile Turret  
  61  4:39  Missile Turret  
  61  4:44  Supply Depot, SCV  
  61  4:45  SCV  
  63  4:51  Marauder x2  
  67  4:57  SCV x2  
  67  4:58  Terran Infantry Weapons Level 1  
  69  5:04  Marine x2  
  71  5:07  Supply Depot  
  71  5:09  SCV x2  
  71  5:12  Command Center  
  73  5:17  Medivac  
  73  5:21  SCV x2  
  76  5:22  Marine  
  76  5:23  Refinery, Medivac  
  76  5:24  Marine x2  
  76  5:25  Marine  
  83  5:31  Supply Depot  
  83  5:33  SCV x2  
  85  5:45  SCV x2  
  85  5:48  Marauder  
  89  5:50  Marauder  
  89  5:52  Barracks  
  89  5:53  Barracks  
  91  6:03  Medivac x2  
  95  6:05  SCV x2  
  95  6:06  Supply Depot  
  95  6:09  Marine, Marauder  
  100  6:12  Marauder  
  100  6:15  Liberator  
  100  6:16  Supply Depot  
  102  6:23  SCV  
  103  6:28  Liberator  
  103  6:31  Marauder  
  105  6:33  Marauder, SCV  
  105  6:35  SCV  
  112  6:41  Barracks Tech Lab  
  112  6:42  Barracks Reactor  
  112  6:43  Orbital Command  
  114  6:47  SCV  
  114  6:51  Supply Depot  
  114  6:52  Marauder  
  117  6:55  Marauder, SCV  
  117  6:59  Orbital Command  
  120  7:04  SCV  
  120  7:06  Refinery  
  120  7:07  SCV  
  122  7:10  Refinery  
  122  7:11  Marine, Marauder  
  122  7:13  Marauder  
  127  7:16  Marauder, SCV  
  127  7:17  Supply Depot  
  127  7:18  Supply Depot  
  127  7:21  SCV, Liberator  
  131  7:25  Liberator  
  131  7:28  SCV  
  132  7:38  Marauder  
  132  7:39  Starport, Marine x3, Fusion Core  
  143  7:44  Marine x2  
  143  7:45  Marauder  
  143  7:49  Supply Depot x2  
  147  7:51  Terran Infantry Armor Level 1  
  147  7:59  Marauder  
  151  8:05  Marauder  
  151  8:06  Marauder  
  139  8:16  Liberator x2  
  130  8:20  Marine  
  130  8:21  Marauder  
  130  8:22  Starport Tech Lab  
  130  8:26  Supply Depot, Barracks  
  130  8:27  Supply Depot, Marauder, SCV x3  
  132  8:28  Barracks  
  132  8:29  Marauder  
  132  8:30  Barracks  
  143  8:39  Liberator  
  143  8:42  Marauder  
  143  8:44  Missile Turret  
  143  8:45  Advanced Ballistics  
  143  8:47  Missile Turret  
  145  8:49  Marauder  
  145  8:51  Missile Turret  
  145  8:52  Marine x2, Marauder, Missile Turret  
  145  8:53  Marine x2  
  153  8:58  Liberator  
  153  8:59  Liberator  
  153  9:00  Supply Depot  
  155  9:03  Marauder  
  157  9:10  Marine x3, Marauder  
  157  9:12  Marine  
  157  9:14  Marauder  
  157  9:15  Combat Shields  
  171  9:18  Barracks Tech Lab x3  
  171  9:22  Liberator  
  171  9:24  Supply Depot  
  171  9:31  Marine, Marauder  
  174  9:36  Engineering Bay  
  174  9:41  Liberator  
  174  9:44  Marine, Marauder  
  180  9:49  Command Center  
  179  9:53  Marine x5, Marauder  
  179  9:54  Liberator  
  189  10:05  Liberator  
  191  10:23  Marine  
  191  10:24  Marauder  
  197  10:31  Marine, Marauder  
  197  10:41  Marauder  
  197  10:42  Marine, Marauder  
Show
View Real Time Build Order
Export as new Build Order

Hymy Protoss 

Build Orders: 1 Gate Expand, Blink Stalkers 

Get SALT Encoding   

  12  0:01  Probe (Chrono Boost)  
  13  0:12  Probe (Chrono Boost)  
  14  0:20  Pylon  
  14  0:22  Probe (Chrono Boost)  
  15  0:38  Gateway, Probe (Chrono Boost)  
  16  0:47  Assimilator  
  16  0:49  Probe (Chrono Boost)  
  17  1:00  Probe (Chrono Boost)  
  18  1:10  Probe (Chrono Boost)  
  19  1:24  Nexus  
  19  1:27  Probe (Chrono Boost)  
  20  1:38  Cybernetics Core  
  20  1:39  Probe (Chrono Boost)  
  21  1:49  Probe (Chrono Boost)  
  21  1:52  Assimilator  
  22  2:00  Probe (Chrono Boost)  
  23  2:01  Pylon  
  23  2:20  Adept, Mothership Core (Chrono Boost)  
  27  2:29  Warp Gate  
  27  2:38  Probe x2 (Chrono Boost)  
  29  2:49  Robotics Facility, Probe x2 (Chrono Boost)  
  31  2:57  Stalker  
  33  2:59  Probe x2 (Chrono Boost)  
  35  3:10  Probe x2 (Chrono Boost)  
  37  3:16  Twilight Council  
  37  3:20  Probe x2 (Chrono Boost)  
  39  3:29  Gateway  
  39  3:31  Probe x2 (Chrono Boost)  
  39  3:32  Gateway  
  41  3:37  Observer  
  43  3:41  Probe x2 (Chrono Boost)  
  43  3:43  Pylon  
  44  3:51  Probe (Chrono Boost)  
  44  3:52  Probe (Chrono Boost)  
  44  3:55  Assimilator  
  46  3:58  Blink (Chrono Boost)  
  46  4:00  Probe  
  47  4:03  Probe  
  47  4:04  Assimilator  
  48  4:11  Observer, Probe  
  48  4:15  Probe  
  48  4:16  Pylon  
  51  4:22  Probe  
  52  4:27  Pylon, Probe  
  53  4:32  Probe  
  53  4:35  Observer, Pylon  
  53  4:37  Stalker x2  
  59  4:39  Probe  
  59  4:43  Probe  
  61  4:51  Probe  
  61  4:52  Nexus  
  62  4:58  Pylon  
  62  5:01  Adept x2  
  62  5:03  Sentry  
  68  5:12  Pylon  
  68  5:15  Pylon  
  68  5:17  Immortal  
  72  5:24  Adept x2  
  72  5:27  Probe x2  
  77  5:33  Robotics Bay  
  78  5:37  Probe  
  78  5:39  Probe  
  80  5:45  Stalker  
  80  5:48  Probe  
  83  5:51  Pylon, Probe  
  83  5:53  Resonating Glaives (Chrono Boost)  
  83  5:55  Pylon  
  84  5:58  Probe  
  84  6:03  Probe  
  85  6:04  Probe  
  85  6:08  Stalker  
  85  6:10  Stalker x2  
  93  6:14  Probe x2  
  93  6:16  Probe  
  93  6:17  Colossus  
  102  6:28  Forge  
  102  6:30  Forge  
  102  6:39  Extended Thermal Lance (Chrono Boost)  
  101  6:43  Stalker x3  
  107  6:55  Probe  
  107  6:57  Gateway  
  107  6:59  Probe  
  107  7:00  Gateway  
  109  7:02  Protoss Ground Weapons Level 1 (Chrono Boost), Protoss Ground Armor Level 1 (Chrono Boost)  
  109  7:07  Stalker  
  111  7:12  Probe  
  111  7:13  Probe, Assimilator  
  113  7:18  Stalker x2, Assimilator  
  113  7:22  Observer  
  118  7:26  Pylon  
  118  7:28  Gateway  
  118  7:31  Gateway  
  118  7:35  Probe  
  119  7:43  Stalker  
  119  7:44  Stalker x2  
  125  7:57  Photon Cannon  
  125  8:01  Stalker x2  
  115  8:17  Adept x3  
  117  8:25  Stalker x2  
  121  8:28  Colossus (Chrono Boost)  
  127  8:36  Gateway  
  127  8:40  Gateway, Probe  
  128  8:44  Stalker x2  
  128  8:45  Stalker x3  
  128  8:48  Probe  
  139  8:50  Pylon  
  139  8:51  Pylon  
  139  9:00  Nexus  
  139  9:01  Pylon  
  139  9:11  Adept x5  
  149  9:18  Colossus (Chrono Boost)  
  149  9:22  Robotics Facility  
  155  9:29  Photon Cannon  
  155  9:33  Pylon  
  155  9:34  Stalker, Photon Cannon  
  155  9:35  Stalker x2  
  161  9:42  Pylon  
  161  9:46  Pylon  
  161  9:53  Templar Archives  
  161  9:59  Pylon  
  161  10:02  Stalker x4  
  161  10:03  Stalker  
  161  10:05  Warp Prism (Chrono Boost)  
  171  10:08  Sentry  
  171  10:09  Sentry  
  173  10:16  Stalker x2  
  177  10:27  Stalker  
  177  10:28  Stalker x2  
  144  10:44  Probe  
  119  10:51  Stalker x3  
  119  10:53  Adept x2  
  119  10:54  Adept x2  
  119  10:55  Adept x2  
Tags
 
Add a new tag
Caveats
  • Supply blocks, unpowered buildings, or Contaminate may cause inaccurate times.
  • Supply counts are checked every 10 seconds.